 Dungeon Crawl Stone Soup version 0.23.1-37-gaa34b87b72 (webtiles) character file.

Game seed: 1243916567507496638

4403 Marnok the Cleaver (level 10, -2/91 HPs)
             Began as a Minotaur Berserker on Mar 23, 2019.
             Was a High Priest of Trog.
             Slain by a yak (15 damage)
             ... on level 8 of the Dungeon.
             The game lasted 00:44:13 (8679 turns).

Marnok the Cleaver (Minotaur Berserker)             Turns: 8679, Time: 00:44:13

Health: -2/91      AC:  9    Str: 23 (25) XL:     10   Next: 13%
Magic:  9/9        EV: 14    Int:  4      God:    Trog [*****.]
Gold:   233        SH:  0    Dex: 10      Spells: 9/9 levels left

rFire    + . .     SeeInvis .   l - +2 eveningstar (venom)
rCold    x . .     Gourm    .   (no shield)
rNeg     . . .     Faith    .   i - +3 leather armour {MR+}
rPois    .         Spirit   .   K - +1 hat
rElec    .         Reflect  .   (no cloak)
rCorr    .         Harm     .   (no gloves)
MR       +....                  o - +0 pair of boots
Stlth    ++........             (no amulet)
HPRegen  0.25/turn              d - ring of fire
MPRegen  0.11/turn              (no ring)

@: no status effects
A: retaliatory headbutt, horns 2
a: Berserk, Trog's Hand, Brothers in Arms, Renounce Religion


You were on level 8 of the Dungeon.
You worshipped Trog.
Trog was extremely pleased with you.
You were hungry.

You visited 1 branch of the dungeon, and saw 9 of its levels.
You also visited: Ossuary.

You collected 413 gold pieces.
You spent 180 gold pieces at shops.

Inventory:

Hand Weapons
 a - a +0 hand axe
 b - a +0 war axe
 f - a +1 dagger of venom
 k - a +2 whip of electrocution
 l - a +2 eveningstar of venom (weapon)
 n - a +1 flail of protection
 p - a +1 whip of electrocution
 q - a +2 flail of holy wrath
 t - a +2 hunting sling of flaming
 u - a +0 battleaxe
 v - a +2 hunting sling of flaming
 x - a +2 flail of holy wrath
 E - a +1 dagger of venom
 L - a +0 short sword of speed
Missiles
 y - 3 throwing nets (quivered)
 D - 2 needles of paralysis
Armour
 i - a +3 leather armour of magic resistance (worn)
 o - a +0 pair of boots (worn)
 r - a +2 leather armour of poison resistance
 K - a +1 hat (worn)
Jewellery
 d - a ring of fire (left hand)
Wands
 e - a wand of polymorph (14)
 B - a wand of paralysis (5)
Scrolls
 g - 2 scrolls of magic mapping
 j - 4 scrolls of remove curse
 w - a scroll of fear
 z - 2 scrolls of random uselessness
 A - 2 scrolls of teleportation
 C - a scroll of noise
 H - a scroll of blinking {unknown}
 I - 2 scrolls of fog {unknown}
 J - a scroll of immolation {unknown}
Potions
 h - 2 potions of magic
 s - a potion of degeneration
 G - 2 potions of brilliance
Comestibles
 c - 13 rations


   Skills:
 + Level 9.3 Fighting
 + Level 11.2(11.7) Axes
 + Level 5.4(9.1) Maces & Flails
 + Level 0.6 Throwing
 + Level 5.9 Armour
 + Level 6.4 Dodging
 + Level 2.6 Stealth


You had 9 spell levels left.
You didn't know any spells.
Your spell library was empty.

Dungeon Overview and Level Annotations

Branches:
Dungeon (9/15)             Temple (0/1) D:7            Lair (0/6) D:8
    Orc: D:9-12

Altars:
Cheibriados
Elyvilon
Makhleb
Okawaru
Sif Muna
Uskayaw
Wu Jian
Zin

Shops:
D:5 %   D:7 [

Annotations:
D:6 Menkaure


Innate Abilities, Weirdness & Mutations

You reflexively headbutt those who attack you in melee.
You have a pair of horns on your head.


Message History

You assume a fearsome visage.
The yak looks frightened!
The yak resists with some effort.
The yak looks frightened!
There are monsters nearby!
Your surroundings suddenly seem different.
You start resting.
Trog accepts your kill.
You feel a bit more experienced.
You start resting.
The yak is too close now for your liking.
You barely miss the yak. You headbutt the yak!
The yak is moderately wounded.
The yak gores you!
* * * LOW HITPOINT WARNING * * *
You hit the yak. You headbutt the yak, but do no damage.
The yak is moderately wounded.
The yak completely misses you.
You barely miss the yak. Your headbutt misses the yak.
The yak is moderately wounded.
The yak gores you!
You die...

##.####.##.##.########
##.YY###.##.##.# ##
##.....##.##.##.# #.
#...............# ##.
#.<.......##.#### #|.
#.......####.# ##P.
#.......# #.# #...
#.#...######.# #...
#.##..Y@.....########..P
#. #######..<.....Y.....
#.###########.P #.# #..
.# #.# ## #.# #


You could see a yak.

Vanquished Creatures
  Pikel (D:3)
  A yak (D:8)
  Edmund (D:3)
  2 hungry ghosts
  2 porcupines (D:8)
  An orc warrior (D:8)
  2 ice beasts
  A slave (D:3)
  2 sky beasts
  A black bear (D:8)
  2 phantoms
  4 ogres
  4 bullfrogs
  4 water moccasin zombies (Ossuary)
  3 scorpions
  A wyvern skeleton (D:7)
  5 killer bees (D:7)
  2 crimson imps
  4 hounds
  A quasit (D:6)
  A jelly (D:7)
  6 orc priests
  5 orc wizards
  A centaur zombie (D:5)
  An iguana (D:8)
  5 worker ants
  A big kobold zombie (Ossuary)
  4 hound skeletons
  2 mummies (Ossuary)
  Robin (D:3)
  A worker ant zombie (D:4)
  7 gnolls
  8 adders
  An ooze (D:3)
  7 adder zombies (Ossuary)
  6 worms
  A dart slug (D:5)
  4 leopard geckos
  28 orcs
  3 ball pythons
  5 giant cockroaches
  4 gnoll zombies (Ossuary)
  14 goblins
  12 hobgoblins
  8 jackals
  6 kobolds
  2 quokkas
  3 bats
  5 frilled lizards
  5 hobgoblin zombies (Ossuary)
  6 kobold zombies (Ossuary)
  A leopard gecko skeleton (D:6)
  4 orc zombies (Ossuary)
  2 quokka skeletons
  2 quokka zombies (D:7)
  8 rats
224 creatures vanquished.

Vanquished Creatures (collateral kills)
  An orc warrior (D:6)
  A scorpion (D:6)
  2 orc wizards (D:6)
  5 orcs (D:6)
9 creatures vanquished.

Vanquished Creatures (others)
  An ooze (D:4)
  A fungus (D:8)
2 creatures vanquished.

Grand Total: 235 creatures vanquished

Notes
Turn   | Place    | Note
-------+----------+-------------------------------------------
     0 | D:1      | Marnok the Minotaur Berserker began the quest for the Orb.
     0 | D:1      | Reached XP level 1. HP: 19/19 MP: 0/0
    54 | D:1      | Noticed an ogre
    54 | D:1      | Noticed an ogre
    54 | D:1      | Noticed an ogre
    59 | D:1      | Noticed an ogre
   356 | D:1      | Reached XP level 2. HP: 27/27 MP: 1/1
   673 | D:2      | Noticed a scorpion
   683 | D:1      | HP: 1/27 [scorpion (7)]
   686 | D:1      | Killed a scorpion
   686 | D:1      | Reached skill level 4 in Axes
   686 | D:1      | Reached XP level 3. HP: 26/34 MP: 2/2
  1011 | D:2      | Reached XP level 4. HP: 41/41 MP: 3/3
  1136 | D:2      | Reached ** piety under Trog
  1332 | D:2      | Reached skill level 5 in Axes
  1764 | D:3      | Reached XP level 5. HP: 19/47 MP: 4/4
  2132 | D:3      | Reached skill level 5 in Fighting
  2331 | D:3      | Reached skill level 6 in Axes
  2665 | D:3      | Reached XP level 6. HP: 43/56 MP: 5/5
  3048 | D:4      | Found a deep blue altar of Sif Muna.
  3063 | D:4      | Reached skill level 1 in Stealth
  3088 | D:4      | Reached *** piety under Trog
  3287 | D:4      | Reached skill level 7 in Axes
  3287 | D:4      | Reached XP level 7. HP: 50/61 MP: 6/6
  3294 | D:5      | Entered Level 5 of the Dungeon
  3413 | D:4      | Noticed Pikel
  3413 | D:4      | Noticed Robin
  3430 | D:4      | Found a glowing silver altar of Zin.
  3514 | D:3      | Killed Robin
  4028 | D:4      | Noticed Edmund
  4054 | D:3      | Killed Pikel
  4054 | D:3      | Reached skill level 8 in Axes
  4054 | D:3      | Reached XP level 8. HP: 52/71 MP: 7/7
  4058 | D:3      | Killed Edmund
  4386 | D:4      | Reached skill level 5 in Armour
  4439 | D:5      | Found a snail-covered altar of Cheibriados.
  4955 | D:5      | Reached skill level 9 in Axes
  4955 | D:5      | Reached skill level 5 in Dodging
  5081 | D:5      | Found Weujof's Food Shoppe.
  5092 | D:5      | Bought a ration for 60 gold pieces
  5092 | D:5      | Bought a ration for 60 gold pieces
  5092 | D:5      | Bought a ration for 60 gold pieces
  5253 | D:5      | Found an iron altar of Okawaru.
  5343 | D:5      | Reached **** piety under Trog
  5626 | D:5      | Reached XP level 9. HP: 61/80 MP: 8/8
  5891 | D:5      | Reached skill level 10 in Axes
  5907 | D:5      | Found a burning altar of Makhleb.
  6105 | D:7      | Found Feseishra's Antique Armour Shoppe.
  6124 | D:7      | Found a sand-covered staircase.
  6131 | Ossuary  | Entered an ossuary
  6304 | Ossuary  | Reached ***** piety under Trog
  6342 | Ossuary  | Reached skill level 1 in Maces & Flails
  6510 | Ossuary  | Received a gift from Trog
  6587 | D:7      | Found a staircase to the Ecumenical Temple.
  6817 | D:7      | Found a hide-covered altar of Uskayaw.
  6818 | D:7      | Noticed a +0 hand axe
  6818 | D:7      | Noticed a +0 hand axe
  6823 | D:8      | Found a white marble altar of Elyvilon.
  6829 | D:7      | HP: 4/82 [killer bee (4)]
  7360 | D:6      | Noticed Menkaure
  8059 | D:6      | Reached skill level 11 in Axes
  8186 | D:6      | Identified a scroll of acquirement
  8289 | D:8      | Found an ornate altar of the Wu Jian Council.
  8349 | D:8      | Reached XP level 10. HP: 90/91 MP: 9/9
  8360 | D:8      | Reached skill level 5 in Maces & Flails
  8574 | D:8      | Found a staircase to the Lair.
  8679 | D:8      | Slain by a yak

Skill      XL: |  1  2  3  4  5  6  7  8  9 10 |
---------------+-------------------------------+-----
Fighting       | 4 5 6 7 9 |  9.3
Axes           | 4 5 6 7 8 9 11 | 11.2
Armour         | 3 4 5 |  5.9
Dodging        | 3 4 5 6 |  6.4
Stealth        | 1 2 |  2.6
Maces & Flails | 4 5 |  5.4
Throwing       | |  0.6

Action                   |  1- 3 |  4- 6 |  7- 9 | 10-12 || total
-------------------------+-------+-------+-------+-------++-------
Melee: Hand axe          |    30 |   165 |   231 |       ||   426
       Headbutt          |     4 |    28 |    74 |     4 ||   110
       Battleaxe         |       |       |    84 |       ||    84
       Flail             |       |       |    83 |       ||    83
       Eveningstar       |       |       |    20 |    19 ||    39
Throw: Throwing net      |       |       |     1 |       ||     1
Invok: Berserk           |       |     1 |     2 |       ||     3
       Brothers in Arms  |       |       |     2 |       ||     2
  Use: Potion            |     2 |     1 |    11 |       ||    14
       Scroll            |       |     7 |    11 |     2 ||    20
 Stab: Sleeping          |       |       |     3 |       ||     3
  Eat: Chunk             |       |     8 |    21 |       ||    29
       Ration            |       |       |     1 |       ||     1
Armor: Animal skin       |     7 |       |       |       ||     7
       Leather armour    |     4 |    43 |   118 |     3 ||   168
       Skin              |       |       |    16 |       ||    16
Dodge: Dodged            |    26 |   108 |   296 |    13 ||   443
